 Seeded DCSS version 0.24.0 (webtiles) character file.

Game seed: 31, levelgen mode: deterministic

1401 Buxparty the Poker (level 8, -1/51 HPs)
             Began as a Gargoyle Fighter on Feb 16, 2020.
             Killed from afar by Dowan (18 damage)
             ... with a shard of ice
             ... on level 6 of the Dungeon.
             The game lasted 00:10:26 (4975 turns).

Buxparty the Poker (Gargoyle Fighter)               Turns: 4975, Time: 00:10:26

Health: -1/51      AC: 12    Str: 22    XL:     8   Next: 69%
Magic:  17/17      EV: 11    Int: 11    God:
Gold:   324        SH: 14    Dex:  9    Spells: 7/7 levels left

rFire    . . .     SeeInvis .   a - +0 trident
rCold    . . .     Gourm    .   c - +0 shield
rNeg     + . .     Faith    .   A - +1 ring mail of the Castellan {MP+9 Int+2} (curse)
rPois    ∞         Spirit   .   (no helmet)
rElec    +         Reflect  +   (no cloak)
rCorr    +         Harm     .   (no gloves)
MR       .....                  (no boots)
Stlth    ..........             m - +4 amulet of reflection
HPRegen  0.17/turn              u - ring of resist corrosion
MPRegen  0.15/turn              g - +3 ring of evasion

@: no status effects
A: negative energy resistance 1, electricity resistance, unbreathing,
petrification resistance, rot immunity, AC +5
a: no special abilities


You were on level 6 of the Dungeon.
You were hungry.

You visited 2 branches of the dungeon, and saw 7 of its levels.

You collected 324 gold pieces.

Inventory:

Hand Weapons
 a - a +0 trident (weapon)
Missiles
 h - 6 atropa-tipped darts (quivered)
Armour
 b - a +0 scale mail
 c - a +0 shield (worn)
 A - the cursed +1 ring mail of the Castellan (worn) {MP+9 Int+2}
   (You found it on level 6 of the Dungeon)

   It affects your intelligence (+2).
   It affects your magic capacity (+9).
   It has a curse placed upon it.
Jewellery
 g - a +3 ring of evasion (right hand)
 m - a +4 amulet of reflection (around neck)
 u - a ring of resist corrosion (left hand)
 w - an uncursed amulet of guardian spirit {unknown}
Wands
 p - a wand of digging (9)
 y - a wand of acid (5)
Scrolls
 e - 3 scrolls of teleportation {unknown}
 i - 2 scrolls of fog {unknown}
 j - 5 scrolls of remove curse
 k - 3 scrolls of identify {unknown}
 q - 2 scrolls of fear {unknown}
 t - a scroll of blinking {unknown}
Potions
 d - 5 potions of might
 l - a potion of magic {unknown}
 n - a potion of resistance {unknown}
 o - a potion of agility {unknown}
 r - 2 potions of berserk rage {unknown}
 s - a potion of heal wounds {unknown}
 v - 2 potions of haste {unknown}
 x - a potion of curing {unknown}
 z - a potion of lignification {unknown}
Comestibles
 f - 6 rations


   Skills:
 + Level 6.0 Fighting
 * Level 6.2 Polearms
 + Level 6.0 Armour
 + Level 6.0 Shields


You had 7 spell levels left.
You didn't know any spells.
Your spell library was empty.

Dungeon Overview and Level Annotations

Branches:
Dungeon (6/15)             Temple (1/1) D:5

Altars:
Ashenzari
Cheibriados
Dithmenos
Elyvilon
Fedhas
Hepliaklqana
Makhleb
Nemelex Xobeh
Okawaru
Ru
Trog
Uskayaw
Vehumet
Wu Jian
Xom
Yredelemnul
Zin
The Shining One

Annotations:
D:6 Blork the orc, Dowan


Innate Abilities, Weirdness & Mutations

You are resistant to torment.
Your stone body is resilient. (AC +5)
You are immune to poison.
You resist negative energy. (rN+)
You are resistant to electric shocks. (rElec)
You can survive without breathing.
You are immune to petrification.
You are immune to rotting.


Message History

Dowan screams, "No!
Oh no!"
Dowan seems to find hidden reserves of power!
Your Fighting skill increases to level 6!
Your Armour skill increases to level 6!
Your Shields skill increases to level 6!
Something hits you but does no damage.
You barely miss the orc.
You hear some strange, mumbled words.
You block the orc's attack.
You closely miss the orc. Something hits you but does no damage.
You block the orc's attack. Something hits you but does no damage.
You puncture the orc!
You kill the orc!
Dowan casts a spell at you.
The shard of ice reflects off an invisible shield around you!
The shard of ice misses Dowan.
The shard of ice hits the orc priest!!
You kill the orc priest!
Dowan casts a spell at you. The shard of ice hits you!!
You die... ... #..<.....# #.# #........# #.# ........# #.## .......# #..# ......# ##.## Zo)..

##...## #{e# ##.#.#.##
#@# ##.##.##.##
#.#####.###.###.#
#####.........#.# #.#
######
#...........#.#.###.#
.....#
....####.##.#...#.##.##
####.# ##
#.##.#........#
####.###
##.##..........###
.......#
#.........###..##.
####.#.#
###......##.......


You could see Dowan, an orc priest and a quokka skeleton.

Vanquished Creatures
  Grinder (D:3)
  Duvessa (D:6)
  A sky beast (D:5)
  An ogre (D:5)
  A scorpion (D:5)
  4 crimson imps
  3 hounds
  A jelly (D:6)
  2 quasits
  2 centaur skeletons
  2 bullfrog skeletons
  2 orc priests
  5 orc wizards
  2 iguanas (D:4)
  A worker ant (D:4)
  10 adders
  An ooze (D:5)
  3 worms
  5 dart slugs
  5 leopard geckos
  27 orcs
  A giant cockroach (D:6)
  5 goblins
  9 hobgoblins
  4 jackals (D:2)
  4 quokkas
  2 ball pythons (D:1)
  A ball python skeleton (D:4)
  9 bats
  4 frilled lizards
  A jackal zombie (D:5)
  8 kobolds
  A leopard gecko skeleton (D:4)
  9 rats
138 creatures vanquished.

Vanquished Creatures (others)
  A goblin (D:1)
  2 kobolds (D:3)
3 creatures vanquished.

Grand Total: 141 creatures vanquished

Notes
Turn   | Place    | Note
-------+----------+-------------------------------------------
     0 | D:1      | Buxparty the Gargoyle Fighter began the quest for the Orb.
     0 | D:1      | Reached XP level 1. HP: 14/14 MP: 1/1
    43 | D:1      | Reached XP level 2. HP: 19/19 MP: 2/2
   263 | D:1      | Reached XP level 3. HP: 21/23 MP: 3/3
   774 | D:2      | Reached XP level 4. HP: 26/29 MP: 4/4
  1361 | D:3      | Reached XP level 5. HP: 33/33 MP: 5/5
  1481 | D:3      | Found a glowing silver altar of Zin.
  1484 | D:3      | Found an ornate altar of the Wu Jian Council.
  1640 | D:3      | Found a shadowy altar of Dithmenos.
  1643 | D:3      | Found a shattered altar of Ashenzari.
  1794 | D:3      | Noticed Grinder
  1801 | D:3      | Reached XP level 6. HP: 39/39 MP: 6/6
  1850 | D:3      | Killed Grinder
  2509 | D:4      | Reached XP level 7. HP: 31/44 MP: 7/7
  3146 | D:4      | Reached skill level 5 in Fighting
  3146 | D:4      | Reached skill level 5 in Armour
  3185 | D:5      | Entered Level 5 of the Dungeon
  3188 | D:5      | Reached skill level 5 in Shields
  3568 | D:5      | Reached skill level 5 in Polearms
  3612 | D:5      | Reached XP level 8. HP: 27/49 MP: 8/8
  3890 | D:5      | Found a staircase to the Ecumenical Temple.
  3945 | Temple   | Entered the Ecumenical Temple
  4042 | D:5      | Found a hide-covered altar of Uskayaw.
  4871 | D:6      | Got a dazzling ring mail
  4882 | D:6      | Identified the cursed +1 ring mail of the Castellan {MP+9
                  | Int+2} (You found it on level 6 of the Dungeon)
  4952 | D:6      | Noticed Duvessa
  4952 | D:6      | Noticed Dowan
  4952 | D:6      | Noticed Blork the orc
  4971 | D:6      | Killed Duvessa
  4975 | D:6      | Killed from afar by Dowan

Levels and vault maps discovered:
D:1:      giann_forest_graveyard, layout_basic, st_stairs_6
D:2:      layout_basic
D:3:      layout_basic, grunt_temple_overflow_cloverleaf, uniq_grinder
D:4:      layout_loops_ring
D:5:      layout_basic, temple_pool_b, first_ration, basic_altar, st_stairs_1
D:6:      layout_loops_cross, amethyst_overflow_temple_binary,
          serial_park_tiny_1, uniq_duvessa, uniq_blork_the_orc
Temple:   nicolae_temple_great_sept
